AoeStats
← cowabunga

Arena

510294690Analyzed
1v1 RM · 2d ago on Sep 30, 2026· 39m 10s· 2 players
Game mode
Random Map
Map size
Tiny (2 player)
Population
200
Speed
Normal
Resources
Standard
Victory
Conquest
Starting age
Dark Age
Ending age
Imperial Age
RankedLock teamsTeams togetherTeam positionsShared explorationLock speedFull tech treeHidden civsTurbo modeCheats
Victory
Defeat
🇧🇪 Spanish · Belgium
920
+16
🇫🇷 Spanish · France
912
-16
gams06
4:11 Loom
11:17 Feudal Age
14:45 Castle Age
12:58 Stone Mining
12:55 Double-Bit Axe
14:55 Horse Collar
21:33 Fervor
24:39 Bow Saw
26:12 Heavy Plow
26:30 Gold Mining
28:17 Stone Shaft Mining
27:49 Scale Barding Armor
27:55 Forging
29:16 Town Watch
36:49 Wheelbarrow
38:56 Iron Casting
cowabunga
11:35 Feudal Age
15:58 Castle Age
13:52 Double-Bit Axe
15:59 Gold Mining
18:55 Pikeman
20:47 Forging
20:38 Loom
21:29 Wheelbarrow
24:18 Scale Mail Armor
33:26 Redemption
33:27 Scale Barding Armor
35:40 Stone Mining
37:21 Squires
Connection lost

Rejoining the realm…

Still unreachable

The connection could not be restored.

Session expired

The server has moved on; the page needs a fresh start.